 Dungeon Crawl Stone Soup version 0.27-a0-1358-ga0a28fc8c3 (webtiles) character file.

Game seed: 11413478786809113192

100 Delamore the Sneak (level 4, -6/31 HPs)
             Began as an Octopode Brigand on June 28, 2021.
             Mangled by a gnoll (13 damage)
             ... on level 3 of the Dungeon.
             The game lasted 00:02:25 (1988 turns).

Delamore the Sneak (Octopode Brigand)               Turns: 1988, Time: 00:02:26

Health: -6/31      AC:  1    Str: 10    XL:     4   Next: 74%
Magic:  4/4        EV: 12    Int: 13    God:
Gold:   110        SH:  0    Dex: 14    Spells: 3/3 levels left

rFire    . . .     SeeInvis .   a - +2 dagger
rCold    + . .     Faith    .   (no shield)
rNeg     . . .     Spirit   .   (helmet restricted)
rPois    .         Reflect  .   (no amulet)
rElec    .         Harm     .   k - ring of protection from cold
rCorr    .         Rampage  .   (no ring)
Will     .....                  (no ring)
Stlth    ++++......             (no ring)
HPRegen  0.10/turn              (no ring)
MPRegen  0.09/turn              (no ring)
                                (no ring)
                                (no ring)

@: no status effects
A: almost no armour, amphibious, 8 rings, camouflage 1, gelatinous body 1,
(nimble swimmer 1), tentacles
a: no special abilities


You were on level 3 of the Dungeon.
You visited 1 branch of the dungeon, and saw 3 of its levels.

You collected 110 gold pieces.

Inventory:

Hand Weapons
 a - a +2 dagger (weapon)
Missiles
 b - 16 poisoned darts
 c - a curare-tipped dart (quivered)
Jewellery
 k - a ring of protection from cold (left tentacle)
Wands
 g - a wand of digging (9)
Scrolls
 d - a scroll of blinking
 e - a scroll of teleportation
 f - a scroll of noise
Potions
 h - a potion of ambrosia {unknown}
 i - 2 potions of resistance
 l - a potion of berserk rage {unknown}


   Skills:
 + Level 3.1 Fighting
 + Level 3.2 Short Blades
 - Level 2.0 Throwing
 - Level 1.0 Dodging
 + Level 6.4 Stealth


You had 3 spell levels left.
You didn't know any spells.
Your spell library contained the following spells:

 Spells                   Type           Power      Damage    Failure   Level
 Magic Dart               Conj           0%         1d3       30%         1
 Blink                    Tloc           N/A        N/A       43%         2
 Call Imp                 Summ           0%         N/A       43%         2
 Slow                     Hex            0%         N/A       43%         2
 Conjure Flame            Conj/Fire      0%         6-21      67%         3
 Mephitic Cloud           Conj/Pois/Air  0%         N/A       67%         3


Dungeon Overview and Level Annotations

Branches:
Dungeon (3/15)

Altars:
The Shining One


Innate Abilities, Weirdness & Mutations

You cannot wear most types of armour.
You are amphibious.
You can wear up to eight rings at the same time.
Your skin changes colour to match your surroundings (Stealth+).
Your rubbery body absorbs attacks. (AC +1, EV +1)
((You are camouflaged near water. (Stealth+)))
You have tentacles for arms and can constrict up to eight enemies at once.


Message History

There is a stone staircase leading down here.
There is a stone staircase leading down here.
Found 13 stones.
Found a long sword.
h - a sedimented pink potion You now have 110 gold pieces (gained 3).
A gnoll comes into view. It is wielding a +0 spear.
A gnoll comes into view. It is wielding a +0 club.
The gnoll shouts!
You hear a shout! x2
A gnoll comes into view. It is wielding a +0 halberd.
The gnoll shouts!
Found a glowing golden altar of the Shining One.
The gnoll throws a throwing net.
The throwing net hits you.
You become entangled in the net!
A gnoll comes into view. It is wielding a +0 halberd.
You see here a throwing net.
You are held in a net!
You are held in a net!
You tear a large gash into the net.
A kobold comes into view. It is wielding a +0 club.
The gnoll hits you from afar with a +0 spear.
You struggle against the net.
You rip the net and break free!
Found a short glowing staff.
A frilled lizard comes into view.
Found 10 stones.
Found an escape hatch in the floor.
The frilled lizard hisses angrily.
Found a long sword.
The frilled lizard bites you.
You barely miss the frilled lizard. Your grab misses the frilled lizard.
The frilled lizard bites you.
You hit the frilled lizard.
You kill the frilled lizard!
The gnoll hits you with a +0 halberd!
The gnoll hits you from afar with a +0 halberd!
* * * LOW HITPOINT WARNING * * *
You see here a frilled lizard corpse.
The gnoll hits you from afar with a +0 halberd!
You die...

..........## ####...# .....
............ .......# ....
............ .......# ..#
............ ..>....####.##
............ .............#
..........†
(............################....
.............#.................#.
...........gggg†@................
..g####...(.#..#####......##.####
...# #.....#..#####......##.#
...# #.....#......#......##.#
.######.....#......#......##.#
.##.........#......#......##.#
.##.....#####......#......##.#
.##.....# #......#......##.#
.##.....# #).....#......##..


You could see 4 gnolls.

Vanquished Creatures
  Crazy Yiuf (D:2)
  4 adders
  A worm (D:2)
  3 endoplasms
  5 goblins
  4 hobgoblins
  5 kobolds
  2 ball pythons
  4 bats (D:2)
  3 frilled lizards
  A rat (D:1)
33 creatures vanquished.

Notes
Turn   | Place    | Note
-------+----------+-------------------------------------------
     0 | D:1      | Delamore the Octopode Brigand began the quest for the Orb.
     0 | D:1      | Reached XP level 1. HP: 14/14 MP: 1/1
   103 | D:1      | Found a faded altar of an unknown god.
   428 | D:1      | Reached XP level 2. HP: 19/19 MP: 2/2
   744 | D:2      | Reached XP level 3. HP: 25/25 MP: 3/3
  1002 | D:2      | Reached skill level 6 in Stealth
  1160 | D:2      | Found a runed translucent door.
  1161 | D:2      | Noticed Crazy Yiuf
  1313 | D:2      | Reached XP level 4. HP: 23/30 MP: 4/4
  1710 | D:2      | Killed Crazy Yiuf
  1957 | D:3      | Found a glowing golden altar of the Shining One.
  1988 | D:3      | Mangled by a gnoll

Illustrated notes

Levels and vault maps discovered:
D:1:      shiori_shiawase, layout_basic, chequers_ecumenical_altar_simple_redux,
          palyth_stone_intersect, minmay_door_square, serial_bayou_pond_c
D:2:      layout_loops_ring, uniq_crazy_yiuf_cottage
D:3:      layout_basic, tso_metal_star

Skill      XL: |  1  2  3  4 |
---------------+-------------+-----
Stealth        | 6 |  6.4
Fighting       | 3 |  3.1
Short Blades   | 3 |  3.2
Throwing       | |  2.0
Dodging        | |  1.0

Action                   |  1- 3 |  4- 6 || total
-------------------------+-------+-------++-------
Melee: Dagger            |    40 |     8 ||    48
       Constrict         |    10 |     1 ||    11
       Tentacles         |     6 |     1 ||     7
Throw: Dart              |       |     1 ||     1
  Use: Scroll            |       |     6 ||     6
 Stab: Sleeping          |    17 |     3 ||    20
Armor: Skin              |     1 |       ||     1
Dodge: Dodged            |    12 |       ||    12

Table legend: (Time is in decaauts)
 A = Elapsed time spent in this place.
 B = Non-inter-level travel time spent in this place.
 C = Inter-level travel time spent in this place.
 D = Time resting spent in this place.
 E = Time spent auto-exploring this place.
 F = Levels seen in this place.
 G = Mean time per level.
                   A        B        C        D        E       F      G
               +--------+--------+--------+--------+--------+-----+--------+
         Total |   1981 |   1929 |     52 |    114 |   1583 |   3 |  660.3 |
       Dungeon |   1981 |   1929 |     52 |    114 |   1583 |   3 |  660.3 |
               +--------+--------+--------+--------+--------+-----+--------+

Top non-repeatable levels by time:
     D:2: 1197 daAuts
     D:1: 656 daAuts
     D:3: 127 daAuts
